 Dungeon Crawl Stone Soup version 0.18-a0-1797-gc18daef (webtiles) character file.

305 macross the Covert (level 6, 0/30 HPs)
             Began as a Spriggan Assassin on Apr 22, 2016.
             Killed from afar by an orc wizard (6 damage)
             ... with a puff of frost
             ... on level 3 of the Dungeon.
             The game lasted 00:16:57 (3176 turns).

macross the Covert (Spriggan Assassin)              Turns: 3176, Time: 00:16:58

Health: 0/30       AC:  3    Str:  7    XL:     6   Next: 16%
Magic:  0/7        EV: 21    Int: 13    God:
Gold:   131        SH:  0    Dex: 19    Spells: 0 memorised, 5 levels left

rFire  . . .     SeeInvis +     a - +2 dagger
rCold  . . .     Gourm    .     c - +0 robe
rNeg   . . .     Faith    .     (shield restricted)
rPois  .         Spirit   +     (helmet restricted)
rElec  .         Dismiss  .     d - +0 cloak
rCorr  .         Reflect  .     (gloves unavailable)
SustAt .         Harm     .     (boots unavailable)
MR     +....                    n - amulet of guardian spirit
Stlth  +++++.....               (no ring)
                                (no ring)

@: very quick, somewhat resistant to hostile enchantments, quite stealthy
A: unfitting armour, see invisible, herbivore 3, speed 3, slow metabolism 2
a: no special abilities


You were on level 3 of the Dungeon.
You were not hungry.

You visited 1 branch of the dungeon, and saw 3 of its levels.

You collected 131 gold pieces.

Inventory:

Hand Weapons
 a - a +2 dagger (weapon)
 b - a +0 blowgun
Missiles
 e - 8 poisoned needles
 f - 2 curare-tipped needles
Armour
 c - a +0 robe (worn)
 d - a +0 cloak (worn)
Jewellery
 j - an uncursed ring of flight {unknown}
 n - an amulet of guardian spirit (around neck)
 t - an uncursed ring of sustain attributes {unknown}
Scrolls
 i - a scroll of magic mapping {unknown}
 k - a scroll of remove curse {unknown}
 l - a scroll of identify {unknown}
 o - a scroll of teleportation {unknown}
 p - 2 scrolls of blinking {unknown}
 r - a scroll of immolation {unknown}
Potions
 h - a potion of berserk rage {unknown}
 m - a potion of degeneration {unknown}
 q - a potion of cancellation {unknown}
 u - a potion of curing {unknown}
Comestibles
 g - 2 bread rations
 s - 2 fruits


   Skills:
 + Level 2.0 Fighting
 * Level 3.1 Short Blades
 - Level 2.0 Throwing
 * Level 4.8 Dodging
 * Level 9.2 Stealth


You had 5 spell levels left.
You didn't know any spells.

Dungeon Overview and Level Annotations

Branches:
Dungeon (3/15)

Altars:

Annotations:
D:3 Shenda's ghost, amateur MiFi


Innate Abilities, Weirdness & Mutations

You are tiny and cannot use many weapons and most armour.
You have supernaturally acute eyesight.
You are a herbivore.
You cover ground extremely quickly.
You need consume almost no food.


Message History

You closely miss the bat. The bat hits you but does no damage.
The orc wizard points at you and mumbles some strange words.
The puff of flame misses you.
There are monsters nearby!
You hit the bat.
You kill the bat!
An adder comes into view.
The helpless adder fails to defend itself.
You spit the adder like a pig!!!
You kill the adder!
Found an escape hatch in the ceiling.
A goblin comes into view. It is wielding a club.
The goblin shouts!
The orc wizard gestures at you while chanting.
The puff of flame hits you!
* * * LOW HITPOINT WARNING * * *
The goblin barely misses you.
The orc wizard gestures at you while chanting.
The puff of frost hits you!
You die...

#.# ..#..........
#....<..# #.#
#........=... #.......#
#.# ##...........
##.....## #.#
###........... ##...##
#.####...........##
.b..# #...##..........##
####.#
###.##.........### ...
#.##.....##....####..#
...
#.#........#..@<......
###.#.#.#.......##...#.#
#.....#.#.....#..###.#
o.#..##†#...o...g..# .#
####.##.#....###.#.# #
#....###### ..... ######
####... # ..# ## .#


You could see an orc wizard (invisible).

Vanquished Creatures
  Sigmund (D:3)
  Natasha (D:3)
  6 adders
  3 dart slugs
  3 giant geckos
  2 orcs
  5 giant cockroaches
  14 goblins
  6 hobgoblins
  6 jackals
  2 quokkas (D:2)
  2 ball pythons
  4 bats
  2 giant newts
  7 kobolds
  8 rats
72 creatures vanquished.

Notes
Turn   | Place    | Note
--------------------------------------------------------------
     0 | D:1      | macross the Spriggan Assassin began the quest for the Orb.
     0 | D:1      | Reached XP level 1. HP: 10/10 MP: 2/2
    30 | D:1      | Reached skill level 6 in Stealth
   138 | D:1      | Reached XP level 2. HP: 7/15 MP: 3/3
  1260 | D:1      | Reached XP level 3. HP: 18/18 MP: 4/4
  1530 | D:1      | Reached skill level 7 in Stealth
  2023 | D:2      | Reached XP level 4. HP: 23/23 MP: 5/5
  2766 | D:3      | Noticed Shenda's ghost (amateur MiFi)
  3037 | D:3      | Reached skill level 8 in Stealth
  3043 | D:3      | Noticed Natasha
  3058 | D:3      | Killed Natasha
  3058 | D:3      | Reached XP level 5. HP: 14/26 MP: 3/6
  3072 | D:3      | Noticed Sigmund
  3079 | D:3      | Killed Sigmund
  3079 | D:3      | Reached skill level 9 in Stealth
  3079 | D:3      | Reached XP level 6. HP: 18/30 MP: 4/7
  3176 | D:3      | Killed from afar by an orc wizard

Vault maps used:
D:1:      dpeg_arrival_tiny_g
D:2:      kennysheep_six_static_rooms
D:3:      uniq_natasha, uniq_sigmund

Skill      XL: |  1  2  3  4  5 |
---------------+----------------+-----
Stealth        | 6 7 8 9 |  9.2
Dodging        | 2 3 4 |  4.8
Fighting       | 2 |  2.0
Short Blades   | 3 |  3.1
Throwing       | |  2.0

Action                   |  1- 3 |  4- 6 || total
-------------------------+-------+-------++-------
Melee: Dagger            |   119 |   133 ||   252
 Stab: Sleeping          |    17 |    10 ||    27
       Distracted        |       |     1 ||     1
Armor: Robe              |    11 |    15 ||    26
Dodge: Dodged            |    81 |   112 ||   193
